AoeStats
← Blights

Golden Pit

510171513Analyzed
1v1 RM · 3d ago on Sep 29, 2026· 42m 34s· 2 players
Game mode
Random Map
Map size
Tiny (2 player)
Population
200
Speed
Normal
Resources
Standard
Victory
Conquest
Starting age
Dark Age
Ending age
Imperial Age
RankedLock teamsTeams togetherTeam positionsShared explorationLock speedFull tech treeHidden civsTurbo modeCheats
Victory
Defeat
🇩🇪 Franks · Germany
684
+13
🇬🇧 Khmer · United Kingdom
624
-13
Blights
3:01 Loom
12:11 Feudal Age
13:55 Horse Collar
14:04 Double-Bit Axe
17:04 Castle Age
15:31 Gold Mining
15:35 Stone Mining
17:50 Bloodlines
19:23 Town Watch
19:59 Husbandry
24:48 Forging
24:44 Scale Barding Armor
27:21 Fletching
33:34 Gold Mining
34:38 Bodkin Arrow
obstsalat151
11:31 Feudal Age
17:42 Castle Age
18:19 Wheelbarrow
20:56 Double-Bit Axe
23:28 Husbandry
24:49 Scale Barding Armor
25:12 Bow Saw
30:10 Imperial Age
29:50 Hand Cart
31:21 Cavalier
35:31 Chain Barding Armor
35:13 Scale Mail Armor
35:24 Forging
36:34 Gold Mining
36:36 Stone Mining
37:15 Elite Throwing Axeman
39:07 Paladin
40:57 Gold Shaft Mining
41:00 Iron Casting
40:41 Chain Mail Armor
42:12 Chemistry
Connection lost

Rejoining the realm…

Still unreachable

The connection could not be restored.

Session expired

The server has moved on; the page needs a fresh start.